 Dungeon Crawl Stone Soup version 0.30-a0-721-ga6a225cb13 (webtiles) character file.

Game seed: 17255849413172595709

36 Ijustatesigmund the Conjurer (level 3, -4/19 HPs)
             Began as a Deep Elf Conjurer on Jan 27, 2023.
             Killed from afar by an orc wizard (12 damage)
             ... with a puff of flame
             ... on level 2 of the Dungeon.
             The game lasted 00:04:32 (1789 turns).

Ijustatesigmund the Conjurer (Deep Elf Conjurer)    Turns: 1789, Time: 00:04:33

Health: -4/19      AC:  3    Str:  4    XL:     3   Next: 19%
Magic:  7/10       EV: 12    Int: 24    God:
Gold:   67         SH:  0    Dex: 13    Spells: 7/10 levels left

rFire   . . .      SeeInvis .    f - +0 sling (freeze)
rCold   . . .      Faith    .    (no shield)
rNeg    + . .      Spirit   .    a - +0 robe
rPois   .          Reflect  .    (no helmet)
rElec   .          Harm     .    d - +0 cloak
rCorr   .          Rampage  .    (no gloves)
Will    .....                    (no boots)
Stlth   ++                       (no amulet)
HPRegen 0.23/turn                c - ring of positive energy
MPRegen 0.12/turn                (no ring)

@: no status effects
A: no striking features
a: no special abilities


You were on level 2 of the Dungeon.
You visited 1 branch of the dungeon, and saw 2 of its levels.

You collected 67 gold pieces.

Inventory:

Hand Weapons
 e - a +0 rapier
 f - a +0 sling of freezing (weapon)
Armour
 a - a +0 robe (worn)
 d - a +0 cloak (worn)
Jewellery
 c - a ring of positive energy (left hand)
Potions
 b - a potion of magic
 h - a potion of curing


   Skills:
 + Level 0.1 Ranged Weapons
 - Level 2.4 Dodging
 - Level 2.4 Stealth
 + Level 4.1 Spellcasting
 + Level 5.0 Conjurations


You had 7 spell levels left.
You knew the following spells:

 Your Spells              Type           Power      Damage    Failure   Level
a - Magic Dart            Conj           100%       1d8       1%          1
b - Searing Ray           Conj           58%        2d6       1%          2

Your spell library contained the following spells:

 Spells                   Type           Power      Damage    Failure   Level
 Dazzling Flash           Conj/Hex       34%        N/A       11%         3
 Cigotuvi's Dreadful Rot  Necr/Pois/Air  8%         N/A       14%         2
 Poisonous Vapours        Pois/Air       8%         N/A       14%         2
 Mephitic Cloud           Conj/Pois/Air  13%        N/A       14%         3
 Fulminant Prism          Conj/Hex       8%         3d7       34%         4
 Iskenderun's Mystic Bla  Conj/Tloc      17%        2d5       34%         4
 Summon Lightning Spire   Summ/Air       4%         N/A       67%         4
 Storm Form               Tmut/Air       2%         N/A       100%        7
 Maxwell's Capacitive Co  Air            2%         ∞         100%        8


Dungeon Overview and Level Annotations

Branches:
Dungeon (2/15)

Altars:


Message History

You kill the orc!
The ball python bites you but does no damage.
The ball python grabs you. The ball python constricts you.
The ball python bites you. The ball python constricts you.
Casting: Magic Dart (safe; 1% risk of failure)
Confirm with . or Enter, or press ? or * to list all spells.
Aiming: Searing Ray (safe; 1% risk of failure)
Press: ? - help, Shift-Dir - straight line, f - ball python
Aim: a ball python (constricting you, 77% to hit)
The searing ray hits the ball python!
You kill the ball python! (Press . to maintain the ray.)
You start resting.
HP restored.
You start resting.
Magic restored.
You climb downwards.
The orc barely misses you.
The orc wizard gestures at you while chanting.
You resist with some effort. The orc hits you with a +0 flail.
There is a stone staircase leading up, spattered with blood here.
Casting: Searing Ray (safe; 1% risk of failure)
Confirm with . or Enter, or press ? or * to list all spells.
Aiming: Searing Ray (safe; 1% risk of failure)
Press: ? - help, Shift-Dir - straight line, f - orc wizard
Aim: an orc wizard, wielding a +0 dagger and wearing a +0 robe (74% to hit)
The searing ray hits the orc wizard.
The orc wizard is lightly wounded. (Press . to maintain the ray.)
The orc closely misses you. The orc wizard barely misses you.
Casting: Searing Ray (safe; 1% risk of failure)
Confirm with . or Enter, or press ? or * to list all spells.
You don't know that spell.
Unknown command.
The searing ray hits the orc wizard!
The orc wizard is heavily wounded.
The orc hits you with a +0 flail! The orc wizard casts a spell at you.
The puff of flame hits you!
Ouch! That really hurt!
You die...

###### # .....###.# ##+###
#........ #..... ..###.####
#..... ..#..<...# ......
..#.####o# #### .#.### #...#.##.#
..# #...#....###.###.#
##..#.#####.....@#
...............o.o.........
.#...............#.........######
.................................
.####.......#....# ...#. .....###
#######.#..... .#.# .......#
#..#.# #...#####...# #..#.#
........... ###....#


You could see an orc wizard and an orc.

Vanquished Creatures
  A worm (D:2)
  A dart slug (D:1)
  An orc (D:1)
  3 ball pythons (D:1)
  2 endoplasms
  2 giant cockroaches (D:1)
  3 hobgoblins
  4 jackals (D:1)
  2 quokkas (D:1)
  3 bats (D:1)
  2 frilled lizards (D:1)
  A goblin (D:1)
  3 kobolds (D:1)
  A rat (D:1)
29 creatures vanquished.

Notes
Turn   | Place    | Note
-------+----------+-------------------------------------------
     0 | D:1      | Ijustatesigmund the Deep Elf Conjurer began the quest for
                  | the Orb.
     0 | D:1      | Reached XP level 1. HP: 10/10 MP: 6/6
   201 | D:1      | Found a faded altar of an unknown god.
   343 | D:1      | Reached XP level 2. HP: 13/15 MP: 2/8
   346 | D:1      | Learned a level 2 spell: Searing Ray
  1021 | D:1      | Reached skill level 5 in Conjurations
  1084 | D:2      | Reached XP level 3. HP: 19/19 MP: 3/10
  1789 | D:2      | Killed from afar by an orc wizard

Illustrated notes

Levels and vault maps discovered:
D:1:      eino_arrival_cavern_d, layout_rooms,
          ebering_ecumenical_altar_abandoned
D:2:      cheibrodos_pilgrimage, layout_basic

Skill      XL: |  1  2 |
---------------+-------+-----
Spellcasting   | 4 |  4.1
Conjurations   | 5 |  5.0
Ranged Weapons | |  0.1
Dodging        | |  2.4
Stealth        | |  2.4

Action                     || total
---------------------------++-------
   Fire: Sling             ||    15
   Cast: Magic Dart        ||    48
         Searing Ray       ||     3
    Use: Scroll            ||     4
 Armour: Robe              ||     3
  Dodge: Dodged            ||    23

Table legend: (Time is in decaauts)
 A = Elapsed time spent in this place.
 B = Non-inter-level travel time spent in this place.
 C = Inter-level travel time spent in this place.
 D = Time resting spent in this place.
 E = Time spent auto-exploring this place.
 F = Levels seen in this place.
 G = Mean time per level.
                   A        B        C        D        E       F      G
               +--------+--------+--------+--------+--------+-----+--------+
         Total |   1794 |   1735 |     59 |    865 |    681 |   2 |  897.0 |
       Dungeon |   1794 |   1735 |     59 |    865 |    681 |   2 |  897.0 |
               +--------+--------+--------+--------+--------+-----+--------+

Top non-repeatable levels by time:
     D:1: 1279 daAuts
     D:2: 514 daAuts
